 Dungeon Crawl Stone Soup version 0.31-a0-264-ga0b03e459d (webtiles) character file.

Game seed: 16620676572127743429

772 qw the Shooter (level 7, 44/44 HPs)
             Began as a Gargoyle Hexslinger on July 13, 2023.
             Was an Initiate of Okawaru.
             Quit the game on level 5 of the Dungeon.
             The game lasted 00:15:10 (4507 turns).

qw the Shooter (Gargoyle Hexslinger)                Turns: 4507, Time: 00:15:11

Health: 44/44      AC: 15    Str: 10    XL:     7   Next: 83%
Magic:  8/8        EV: 13    Int: 13    God:    Okawaru [......]
Gold:   32         SH:  0    Dex: 20    Spells: 7/8 levels left

rFire   + + .        a - +8 triple crossbow of Oroe {drain, rF+ rC+ Str-5}
rCold   + . .        (shield currently unavailable)
rNeg    + . .        h - +2 robe "Bocwunaff" {rF+ Str+3}
rPois   inf          (no helmet)
rElec   +            (no cloak)
rCorr   .            (no gloves)
SInv    .            b - +2 pair of boots
Will    .....        c - amulet of faith
Stlth   ++           j - +4 ring of protection
HPRegen 0.27/turn    m - +6 ring of dexterity
MPRegen 0.11/turn

%: faith
@: no status effects
A: sickness immunity, AC +4, negative energy resistance 1, electricity
resistance, torment resistance 1, petrification resistance
a: Renounce Religion


You were on level 5 of the Dungeon.
You worshipped Okawaru.
Okawaru was noncommittal.
You visited 2 branches of the dungeon, and saw 6 of its levels.

You collected 214 gold pieces.
You spent 182 gold pieces at shops.


Innate Abilities, Weirdness & Mutations

You are immune to sickness and miasma.
Your stone body is resilient. (AC +4)
You are immune to poison.
You resist negative energy. (rN+)
You are resistant to electric shocks. (rElec)
You are resistant to unholy torment.
You are immune to petrification.


   Skills:
 - Level 4.7 Fighting
 + Level 7.1 Ranged Weapons
 - Level 1.0 Armour
 - Level 2.2 Dodging
 - Level 1.0 Spellcasting
 - Level 2.6 Hexes
 - Level 0.3 Invocations


You had 7 spell levels left.
You knew the following spells:

 Your Spells              Type           Power      Damage    Failure   Level
a - Slow                  Hex            28%        N/A       10%         1

Your spell library contained the following spells:

 Spells                   Type           Power      Damage    Failure   Level
 Inner Flame              Hex/Fire       4%         N/A       43%         3
 Portal Projectile        Hex/Tloc       8%         N/A       43%         3
 Cause Fear               Hex            3%         N/A       67%         4

Inventory:

Hand Weapons
 a - the +8 triple crossbow of Oroe (weapon) {drain, rF+ rC+ Str-5}
   (You acquired it on level 1 of the Dungeon)

   Str:       It affects your strength (-5).
   rF:        It protects you from fire.
   rC:        It protects you from cold.
Armour
 b - a +2 pair of boots (worn)
 h - the +2 robe "Bocwunaff" (worn) {rF+ Str+3}
   (You bought it in a shop on level 4 of the Dungeon)

   Str:       It affects your strength (+3).
   rF:        It protects you from fire.
Jewellery
 c - an amulet of faith (around neck)
 j - a +4 ring of protection (left hand)
 m - a +6 ring of dexterity (right hand)
Scrolls
 f - a scroll of identify
 q - a scroll of enchant weapon
Potions
 d - a potion of magic {unknown}
 e - 2 potions of curing
 g - a potion of might
 k - a potion of enlightenment
 l - 4 potions of heal wounds
 o - a potion of mutation
 r - a potion of haste

Dungeon Overview and Level Annotations

Branches:
Dungeon (5/15)             Temple (1/1) D:4

Altars:
Ashenzari
Dithmenos
Elyvilon
Fedhas
Hepliaklqana
Kikubaaqudgha
Makhleb
Nemelex Xobeh
Okawaru
Qazlal
Ru
Vehumet
Wu Jian
Zin
The Shining One

Shops:
D:4 [   D:5 (

Annotations:
D:4 1 runed translucent door, qw's ghost, amateur GrHs
D:5 2 transporters


Message History

Enter note:
Enter note:
Enter note:
Enter note:
Enter note:
Enter note:
Enter note:
Enter note:
Enter note:
Enter note:
Enter note:
Enter note:
Enter note:
Enter note:
Enter note:
Enter note:
Enter note:
Enter note:
Enter note:
Enter note:
Enter note:
Enter note:
Enter note:
Enter note:
Enter note:
Enter note:
Enter note:
Enter note:
Enter note:
Enter note:
Enter note:
Enter note:
Enter note:
Enter note:
Enter note:
Enter note:
Enter note:
Enter note:
4506 ||| Stepping randomly (stuck).
Are you sure you want to abandon this character and quit the game? (Confirm with "yes".)

###.###.# ##.## #..# #.#
#.###.### #.# #..#####.#
#.......# #.# #........###
#####.#.# #.# ##.#####...>
#.#.# ### ### #......
#.#.#################.#.###
#.#.#...#.....#..[.##.#.#
#.#....^#^.\.^#^....#.#.#
#.......#.@..(#...##....#
###.###############.#<###
#.# ##.##.# #.# #.###.# #.#
### #.#
#.#################.#
#...................#
#####################


There were no monsters in sight!

Vanquished Creatures
  2 ogres
  A phantom (D:5)
  Blork the orc (D:4)
  A howler monkey (D:4)
  A jelly (D:4)
  5 hounds
  Jessica (D:3)
  Ijyb (D:4)
  An iguana (D:5)
  3 gnolls (D:2)
  4 adders
  2 worms
  2 dart slugs
  7 orcs
  8 endoplasms
  5 giant cockroaches
  12 goblins
  8 hobgoblins
  4 jackals
  4 kobolds
  2 quokkas
  12 ball pythons
  4 bats
  3 frilled lizards
  5 rats
99 creatures vanquished.

Notes
Turn   | Place    | Note
-------+----------+-------------------------------------------
     0 | D:1      | qw the Gargoyle Hexslinger began the quest for the Orb.
     0 | D:1      | Reached XP level 1. HP: 12/12 MP: 2/2
     0 | D:1      | 0 ||| qw: Version: 0.3-a-52-g30416fa
     0 | D:1      | 0 ||| qw: Game counter: 7560
     0 | D:1      | 0 ||| qw: Melee chars always use a shield: true
     0 | D:1      | 0 ||| qw: God list: Okawaru
     0 | D:1      | 0 ||| qw: Allow faded altars: false
     0 | D:1      | 0 ||| qw: Do Orc after clearing Dungeon:15 true
     0 | D:1      | 0 ||| qw: Do second Lair branch before Depths: true
     0 | D:1      | 0 ||| qw: Lair rune preference: random
     0 | D:1      | 0 ||| qw: Goals: Normal
     0 | D:1      | 0 ||| PLANNING D:1-11
    81 | D:1      | Reached XP level 2. HP: 16/16 MP: 3/3
   146 | D:1      | Reached skill level 3 in Ranged Weapons
   241 | D:1      | Reached XP level 3. HP: 21/21 MP: 4/4
   537 | D:1      | 537 ||| UPGRADING to ring of willpower.
   538 | D:1      | 538 ||| READING scroll labelled RIHO TOICOIFE.
   538 | D:1      | Identified a scroll of acquirement
   538 | D:1      | 538 ||| ACQUIRING +8 triple crossbow of Oroe {drain, rF+
                  | rC+ Str-5}
   538 | D:1      | Acquired the +8 triple crossbow of Oroe {drain, rF+ rC+
                  | Str-5}
   540 | D:1      | 540 ||| SWAPPING to +8 triple crossbow of Oroe {drain, rF+
                  | rC+ Str-5}.
   541 | D:1      | 541 ||| DROPPING +1 sling.
   542 | D:1      | 542 ||| READING scroll labelled BUELUR HAT SEW.
   543 | D:1      | 543 ||| READING scroll labelled HAUMANAQOST.
   544 | D:1      | 544 ||| READING scroll labelled LAUJOMIVER.
   545 | D:1      | 545 ||| READING scroll labelled ZOUGAA BAGOA.
   546 | D:1      | 546 ||| DRINKING 2 puce potions.
   547 | D:1      | 547 ||| DROPPING scroll of poison.
   630 | D:2      | Reached XP level 4. HP: 19/26 MP: 5/5
   771 | D:2      | Reached skill level 4 in Ranged Weapons
  1049 | D:2      | 1049 ||| UPGRADING to +0 pair of boots.
  1054 | D:2      | 1054 ||| UPGRADING to +0 ring mail.
  1064 | D:2      | 1064 ||| DROPPING +0 robe.
  1065 | D:2      | 1065 ||| READING scroll labelled VEXKIT QYSAN.
  1114 | D:3      | Reached skill level 1 in Armour
  1126 | D:3      | Found a faded altar of an unknown god.
  1182 | D:3      | Found a faded altar of an unknown god.
  1186 | D:3      | Found a hazy altar of Hepliaklqana.
  1389 | D:3      | Noticed Jessica
  1390 | D:3      | Killed Jessica
  1522 | D:3      | Reached XP level 5. HP: 30/30 MP: 6/6
  1618 | D:3      | Reached skill level 5 in Ranged Weapons
  1905 | D:3      | 1905 ||| UPGRADING to amulet of faith.
  1910 | D:3      | 1910 ||| UPGRADING to +6 ring of dexterity.
  1911 | D:3      | 1911 ||| READING 2 scrolls labelled CUFFEP HOUCKET.
  1912 | D:3      | 1912 ||| READING scroll of enchant armour.
  1912 | D:3      | 1912 ||| ENCHANTING +0 pair of boots.
  1913 | D:3      | 1913 ||| READING scroll labelled HUELLU HUEDEUT.
  1914 | D:3      | 1914 ||| READING 6 scrolls of identify.
  1914 | D:3      | 1914 ||| IDENTIFYING murky grey potion
  1915 | D:3      | 1915 ||| READING 5 scrolls of identify.
  1915 | D:3      | 1915 ||| IDENTIFYING glowing orange potion
  1916 | D:3      | 1916 ||| READING 4 scrolls of identify.
  1916 | D:3      | 1916 ||| IDENTIFYING murky yellow potion
  1917 | D:3      | 1917 ||| READING 3 scrolls of identify.
  1917 | D:3      | 1917 ||| IDENTIFYING green potion
  1918 | D:3      | 1918 ||| READING 2 scrolls of identify.
  1918 | D:3      | 1918 ||| IDENTIFYING sapphire potion
  1919 | D:3      | 1919 ||| DROPPING potion of lignification.
  1920 | D:3      | 1920 ||| DROPPING potion of attraction.
  1921 | D:3      | 1921 ||| DROPPING potion of degeneration.
  1983 | D:4      | 1983 ||| STAIRDANCE
  1987 | D:4      | 1987 ||| STAIRDANCE
  1991 | D:4      | 1991 ||| STAIRDANCE
  1995 | D:4      | 1995 ||| STAIRDANCE
  1999 | D:4      | 1999 ||| STAIRDANCE
  2003 | D:4      | 2003 ||| STAIRDANCE
  2007 | D:4      | 2007 ||| STAIRDANCE
  2011 | D:4      | 2011 ||| STAIRDANCE
  2015 | D:4      | 2015 ||| STAIRDANCE
  2019 | D:4      | 2019 ||| STAIRDANCE
  2023 | D:4      | 2023 ||| STAIRDANCE
  2027 | D:4      | 2027 ||| STAIRDANCE
  2031 | D:4      | 2031 ||| STAIRDANCE
  2035 | D:4      | 2035 ||| STAIRDANCE
  2039 | D:4      | 2039 ||| STAIRDANCE
  2043 | D:4      | 2043 ||| STAIRDANCE
  2047 | D:4      | 2047 ||| STAIRDANCE
  2051 | D:4      | 2051 ||| STAIRDANCE
  2055 | D:4      | 2055 ||| STAIRDANCE
  2059 | D:4      | 2059 ||| STAIRDANCE
  2110 | D:4      | Reached skill level 3 in Fighting
  2118 | D:4      | Reached XP level 6. HP: 37/37 MP: 7/7
  2188 | D:4      | Noticed Blork the orc
  2192 | D:4      | 2192 ||| READING 3 scrolls of identify.
  2192 | D:4      | 2192 ||| IDENTIFYING bubbling dark potion
  2194 | D:4      | 2194 ||| READING 2 scrolls of identify.
  2194 | D:4      | 2194 ||| IDENTIFYING glowing grey potion
  2201 | D:4      | Killed Blork the orc
  2289 | D:4      | Reached skill level 6 in Ranged Weapons
  2297 | D:4      | Found a staircase to the Ecumenical Temple.
  2298 | D:4      | 2298 ||| PLANNING TEMPLE
  2307 | Temple   | Entered the Ecumenical Temple
  2323 | Temple   | 2323 ||| PLANNING OKAWARU WORSHIP
  2336 | Temple   | Became a worshipper of Warmaster Okawaru
  2337 | Temple   | 2337 ||| PLANNING D:1-11
  2408 | D:4      | Noticed qw's ghost (amateur GrHs)
  2416 | D:4      | Found a runed translucent door.
  2436 | D:4      | Found Echicuduug's Antique Armour Shop.
  2640 | D:4      | Noticed Ijyb
  2641 | D:4      | Killed Ijyb
  2714 | D:4      | Reached XP level 7. HP: 37/44 MP: 8/8
  2805 | D:5      | Entered Level 5 of the Dungeon
  2874 | D:5      | 2874 ||| READING 2 scrolls of identify.
  2874 | D:5      | 2874 ||| IDENTIFYING murky brown potion
  2878 | D:5      | Found a transporter.
  2880 | D:5      | 2880 ||| STAIRDANCE
  2884 | D:4      | 2884 ||| BUYING transparent robe (182 gold).
  2884 | D:4      | Bought a transparent robe for 182 gold pieces
  2884 | D:4      | Identified the +2 robe "Bocwunaff" {rF+ Str+3} (You bought
                  | it in a shop on level 4 of the Dungeon)
  2884 | D:4      | 2884 ||| UPGRADING to +2 robe "Bocwunaff" {rF+ Str+3}.
  2894 | D:4      | 2894 ||| DROPPING +0 ring mail.
  2907 | D:5      | Found Gejaynwo's Antique Weapon Boutique.
  2938 | D:5      | Found a transporter.
  3042 | D:5      | Reached * piety under Okawaru
  3260 | D:5      | 3260 ||| READING scroll of enchant armour.
  3260 | D:5      | 3260 ||| ENCHANTING +1 pair of boots.
  3265 | D:5      | 3265 ||| INVOKING Heroism.
  3269 | D:5      | Reached skill level 7 in Ranged Weapons
  3496 | D:5      | 3496 ||| DROPPING scarf of shadows.
  3497 | D:5      | 3497 ||| UPGRADING to +4 ring of protection.
  3499 | D:5      | 3499 ||| DROPPING ring of willpower.
  3500 | D:5      | 3500 ||| READING scroll labelled VINEAPO HUENN.
  3505 | D:5      | 3505 ||| Stepping randomly (stuck).
  3506 | D:5      | 3506 ||| Stepping randomly (stuck).
  3507 | D:5      | 3507 ||| Stepping randomly (stuck).
  3508 | D:5      | 3508 ||| Stepping randomly (stuck).
  3509 | D:5      | 3509 ||| Stepping randomly (stuck).
  3510 | D:5      | 3510 ||| Stepping randomly (stuck).
  3511 | D:5      | 3511 ||| Stepping randomly (stuck).
  3512 | D:5      | 3512 ||| Stepping randomly (stuck).
  3513 | D:5      | 3513 ||| Stepping randomly (stuck).
  3514 | D:5      | 3514 ||| Stepping randomly (stuck).
  3515 | D:5      | 3515 ||| Stepping randomly (stuck).
  3516 | D:5      | 3516 ||| Stepping randomly (stuck).
  3517 | D:5      | 3517 ||| Stepping randomly (stuck).
  3518 | D:5      | 3518 ||| Stepping randomly (stuck).
  3519 | D:5      | 3519 ||| Stepping randomly (stuck).
  3520 | D:5      | 3520 ||| Stepping randomly (stuck).
  3521 | D:5      | 3521 ||| Stepping randomly (stuck).
  3522 | D:5      | 3522 ||| Stepping randomly (stuck).
  3523 | D:5      | 3523 ||| Stepping randomly (stuck).
  3524 | D:5      | 3524 ||| Stepping randomly (stuck).
  3525 | D:5      | 3525 ||| Stepping randomly (stuck).
  3526 | D:5      | 3526 ||| Stepping randomly (stuck).
  3527 | D:5      | 3527 ||| Stepping randomly (stuck).
  3528 | D:5      | 3528 ||| Stepping randomly (stuck).
  3529 | D:5      | 3529 ||| Stepping randomly (stuck).
  3530 | D:5      | 3530 ||| Stepping randomly (stuck).
  3531 | D:5      | 3531 ||| Stepping randomly (stuck).
  3532 | D:5      | 3532 ||| Stepping randomly (stuck).
  3533 | D:5      | 3533 ||| Stepping randomly (stuck).
  3534 | D:5      | 3534 ||| Stepping randomly (stuck).
  3535 | D:5      | 3535 ||| Stepping randomly (stuck).
  3536 | D:5      | 3536 ||| Stepping randomly (stuck).
  3537 | D:5      | 3537 ||| Stepping randomly (stuck).
  3538 | D:5      | 3538 ||| Stepping randomly (stuck).
  3539 | D:5      | 3539 ||| Stepping randomly (stuck).
  3540 | D:5      | 3540 ||| Stepping randomly (stuck).
  3541 | D:5      | 3541 ||| Stepping randomly (stuck).
  3542 | D:5      | 3542 ||| Stepping randomly (stuck).
  3543 | D:5      | 3543 ||| Stepping randomly (stuck).
  3544 | D:5      | 3544 ||| Stepping randomly (stuck).
  3545 | D:5      | 3545 ||| Stepping randomly (stuck).
  3546 | D:5      | 3546 ||| Stepping randomly (stuck).
  3547 | D:5      | 3547 ||| Stepping randomly (stuck).
  3548 | D:5      | 3548 ||| Stepping randomly (stuck).
  3549 | D:5      | 3549 ||| Stepping randomly (stuck).
  3550 | D:5      | 3550 ||| Stepping randomly (stuck).
  3551 | D:5      | 3551 ||| Stepping randomly (stuck).
  3552 | D:5      | 3552 ||| Stepping randomly (stuck).
  3553 | D:5      | 3553 ||| Stepping randomly (stuck).
  3554 | D:5      | 3554 ||| Stepping randomly (stuck).
  3555 | D:5      | 3555 ||| Stepping randomly (stuck).
  3556 | D:5      | 3556 ||| Stepping randomly (stuck).
  3557 | D:5      | 3557 ||| Stepping randomly (stuck).
  3558 | D:5      | 3558 ||| Stepping randomly (stuck).
  3559 | D:5      | 3559 ||| Stepping randomly (stuck).
  3560 | D:5      | 3560 ||| Stepping randomly (stuck).
  3561 | D:5      | 3561 ||| Stepping randomly (stuck).
  3562 | D:5      | 3562 ||| Stepping randomly (stuck).
  3563 | D:5      | 3563 ||| Stepping randomly (stuck).
  3564 | D:5      | 3564 ||| Stepping randomly (stuck).
  3565 | D:5      | 3565 ||| Stepping randomly (stuck).
  3566 | D:5      | 3566 ||| Stepping randomly (stuck).
  3567 | D:5      | 3567 ||| Stepping randomly (stuck).
  3568 | D:5      | 3568 ||| Stepping randomly (stuck).
  3569 | D:5      | 3569 ||| Stepping randomly (stuck).
  3570 | D:5      | 3570 ||| Stepping randomly (stuck).
  3571 | D:5      | 3571 ||| Stepping randomly (stuck).
  3572 | D:5      | 3572 ||| Stepping randomly (stuck).
  3573 | D:5      | 3573 ||| Stepping randomly (stuck).
  3574 | D:5      | 3574 ||| Stepping randomly (stuck).
  3575 | D:5      | 3575 ||| Stepping randomly (stuck).
  3576 | D:5      | 3576 ||| Stepping randomly (stuck).
  3577 | D:5      | 3577 ||| Stepping randomly (stuck).
  3578 | D:5      | 3578 ||| Stepping randomly (stuck).
  3579 | D:5      | 3579 ||| Stepping randomly (stuck).
  3580 | D:5      | 3580 ||| Stepping randomly (stuck).
  3581 | D:5      | 3581 ||| Stepping randomly (stuck).
  3582 | D:5      | 3582 ||| Stepping randomly (stuck).
  3583 | D:5      | 3583 ||| Stepping randomly (stuck).
  3584 | D:5      | 3584 ||| Stepping randomly (stuck).
  3585 | D:5      | 3585 ||| Stepping randomly (stuck).
  3586 | D:5      | 3586 ||| Stepping randomly (stuck).
  3587 | D:5      | 3587 ||| Stepping randomly (stuck).
  3588 | D:5      | 3588 ||| Stepping randomly (stuck).
  3589 | D:5      | 3589 ||| Stepping randomly (stuck).
  3590 | D:5      | 3590 ||| Stepping randomly (stuck).
  3591 | D:5      | 3591 ||| Stepping randomly (stuck).
  3592 | D:5      | 3592 ||| Stepping randomly (stuck).
  3593 | D:5      | 3593 ||| Stepping randomly (stuck).
  3594 | D:5      | 3594 ||| Stepping randomly (stuck).
  3595 | D:5      | 3595 ||| Stepping randomly (stuck).
  3596 | D:5      | 3596 ||| Stepping randomly (stuck).
  3597 | D:5      | 3597 ||| Stepping randomly (stuck).
  3598 | D:5      | 3598 ||| Stepping randomly (stuck).
  3599 | D:5      | 3599 ||| Stepping randomly (stuck).
  3600 | D:5      | 3600 ||| Stepping randomly (stuck).
  3601 | D:5      | 3601 ||| Stepping randomly (stuck).
  3602 | D:5      | 3602 ||| Stepping randomly (stuck).
  3603 | D:5      | 3603 ||| Stepping randomly (stuck).
  3604 | D:5      | 3604 ||| Stepping randomly (stuck).
  3605 | D:5      | 3605 ||| Stepping randomly (stuck).
  3606 | D:5      | 3606 ||| Stepping randomly (stuck).
  3607 | D:5      | 3607 ||| Stepping randomly (stuck).
  3608 | D:5      | 3608 ||| Stepping randomly (stuck).
  3609 | D:5      | 3609 ||| Stepping randomly (stuck).
  3610 | D:5      | 3610 ||| Stepping randomly (stuck).
  3611 | D:5      | 3611 ||| Stepping randomly (stuck).
  3612 | D:5      | 3612 ||| Stepping randomly (stuck).
  3613 | D:5      | 3613 ||| Stepping randomly (stuck).
  3614 | D:5      | 3614 ||| Stepping randomly (stuck).
  3615 | D:5      | 3615 ||| Stepping randomly (stuck).
  3616 | D:5      | 3616 ||| Stepping randomly (stuck).
  3617 | D:5      | 3617 ||| Stepping randomly (stuck).
  3618 | D:5      | 3618 ||| Stepping randomly (stuck).
  3619 | D:5      | 3619 ||| Stepping randomly (stuck).
  3620 | D:5      | 3620 ||| Stepping randomly (stuck).
  3621 | D:5      | 3621 ||| Stepping randomly (stuck).
  3622 | D:5      | 3622 ||| Stepping randomly (stuck).
  3623 | D:5      | 3623 ||| Stepping randomly (stuck).
  3624 | D:5      | 3624 ||| Stepping randomly (stuck).
  3625 | D:5      | 3625 ||| Stepping randomly (stuck).
  3626 | D:5      | 3626 ||| Stepping randomly (stuck).
  3627 | D:5      | 3627 ||| Stepping randomly (stuck).
  3628 | D:5      | 3628 ||| Stepping randomly (stuck).
  3629 | D:5      | 3629 ||| Stepping randomly (stuck).
  3630 | D:5      | 3630 ||| Stepping randomly (stuck).
  3631 | D:5      | 3631 ||| Stepping randomly (stuck).
  3632 | D:5      | 3632 ||| Stepping randomly (stuck).
  3633 | D:5      | 3633 ||| Stepping randomly (stuck).
  3634 | D:5      | 3634 ||| Stepping randomly (stuck).
  3635 | D:5      | 3635 ||| Stepping randomly (stuck).
  3636 | D:5      | 3636 ||| Stepping randomly (stuck).
  3637 | D:5      | 3637 ||| Stepping randomly (stuck).
  3638 | D:5      | 3638 ||| Stepping randomly (stuck).
  3639 | D:5      | 3639 ||| Stepping randomly (stuck).
  3640 | D:5      | 3640 ||| Stepping randomly (stuck).
  3641 | D:5      | 3641 ||| Stepping randomly (stuck).
  3642 | D:5      | 3642 ||| Stepping randomly (stuck).
  3643 | D:5      | 3643 ||| Stepping randomly (stuck).
  3644 | D:5      | 3644 ||| Stepping randomly (stuck).
  3645 | D:5      | 3645 ||| Stepping randomly (stuck).
  3646 | D:5      | 3646 ||| Stepping randomly (stuck).
  3647 | D:5      | 3647 ||| Stepping randomly (stuck).
  3648 | D:5      | 3648 ||| Stepping randomly (stuck).
  3649 | D:5      | 3649 ||| Stepping randomly (stuck).
  3650 | D:5      | 3650 ||| Stepping randomly (stuck).
  3651 | D:5      | 3651 ||| Stepping randomly (stuck).
  3652 | D:5      | 3652 ||| Stepping randomly (stuck).
  3653 | D:5      | 3653 ||| Stepping randomly (stuck).
  3654 | D:5      | 3654 ||| Stepping randomly (stuck).
  3655 | D:5      | 3655 ||| Stepping randomly (stuck).
  3656 | D:5      | 3656 ||| Stepping randomly (stuck).
  3657 | D:5      | 3657 ||| Stepping randomly (stuck).
  3658 | D:5      | 3658 ||| Stepping randomly (stuck).
  3659 | D:5      | 3659 ||| Stepping randomly (stuck).
  3660 | D:5      | 3660 ||| Stepping randomly (stuck).
  3661 | D:5      | 3661 ||| Stepping randomly (stuck).
  3662 | D:5      | 3662 ||| Stepping randomly (stuck).
  3663 | D:5      | 3663 ||| Stepping randomly (stuck).
  3664 | D:5      | 3664 ||| Stepping randomly (stuck).
  3665 | D:5      | 3665 ||| Stepping randomly (stuck).
  3666 | D:5      | 3666 ||| Stepping randomly (stuck).
  3667 | D:5      | 3667 ||| Stepping randomly (stuck).
  3668 | D:5      | 3668 ||| Stepping randomly (stuck).
  3669 | D:5      | 3669 ||| Stepping randomly (stuck).
  3670 | D:5      | 3670 ||| Stepping randomly (stuck).
  3671 | D:5      | 3671 ||| Stepping randomly (stuck).
  3672 | D:5      | 3672 ||| Stepping randomly (stuck).
  3673 | D:5      | 3673 ||| Stepping randomly (stuck).
  3674 | D:5      | 3674 ||| Stepping randomly (stuck).
  3675 | D:5      | 3675 ||| Stepping randomly (stuck).
  3676 | D:5      | 3676 ||| Stepping randomly (stuck).
  3677 | D:5      | 3677 ||| Stepping randomly (stuck).
  3678 | D:5      | 3678 ||| Stepping randomly (stuck).
  3679 | D:5      | 3679 ||| Stepping randomly (stuck).
  3680 | D:5      | 3680 ||| Stepping randomly (stuck).
  3681 | D:5      | 3681 ||| Stepping randomly (stuck).
  3682 | D:5      | 3682 ||| Stepping randomly (stuck).
  3683 | D:5      | 3683 ||| Stepping randomly (stuck).
  3684 | D:5      | 3684 ||| Stepping randomly (stuck).
  3685 | D:5      | 3685 ||| Stepping randomly (stuck).
  3686 | D:5      | 3686 ||| Stepping randomly (stuck).
  3687 | D:5      | 3687 ||| Stepping randomly (stuck).
  3688 | D:5      | 3688 ||| Stepping randomly (stuck).
  3689 | D:5      | 3689 ||| Stepping randomly (stuck).
  3690 | D:5      | 3690 ||| Stepping randomly (stuck).
  3691 | D:5      | 3691 ||| Stepping randomly (stuck).
  3692 | D:5      | 3692 ||| Stepping randomly (stuck).
  3693 | D:5      | 3693 ||| Stepping randomly (stuck).
  3694 | D:5      | 3694 ||| Stepping randomly (stuck).
  3695 | D:5      | 3695 ||| Stepping randomly (stuck).
  3696 | D:5      | 3696 ||| Stepping randomly (stuck).
  3697 | D:5      | 3697 ||| Stepping randomly (stuck).
  3698 | D:5      | 3698 ||| Stepping randomly (stuck).
  3699 | D:5      | 3699 ||| Stepping randomly (stuck).
  3700 | D:5      | 3700 ||| Stepping randomly (stuck).
  3701 | D:5      | 3701 ||| Stepping randomly (stuck).
  3702 | D:5      | 3702 ||| Stepping randomly (stuck).
  3703 | D:5      | 3703 ||| Stepping randomly (stuck).
  3704 | D:5      | 3704 ||| Stepping randomly (stuck).
  3705 | D:5      | 3705 ||| Stepping randomly (stuck).
  3706 | D:5      | 3706 ||| Stepping randomly (stuck).
  3707 | D:5      | 3707 ||| Stepping randomly (stuck).
  3708 | D:5      | 3708 ||| Stepping randomly (stuck).
  3709 | D:5      | 3709 ||| Stepping randomly (stuck).
  3710 | D:5      | 3710 ||| Stepping randomly (stuck).
  3711 | D:5      | 3711 ||| Stepping randomly (stuck).
  3712 | D:5      | 3712 ||| Stepping randomly (stuck).
  3713 | D:5      | 3713 ||| Stepping randomly (stuck).
  3714 | D:5      | 3714 ||| Stepping randomly (stuck).
  3715 | D:5      | 3715 ||| Stepping randomly (stuck).
  3716 | D:5      | 3716 ||| Stepping randomly (stuck).
  3717 | D:5      | 3717 ||| Stepping randomly (stuck).
  3718 | D:5      | 3718 ||| Stepping randomly (stuck).
  3719 | D:5      | 3719 ||| Stepping randomly (stuck).
  3720 | D:5      | 3720 ||| Stepping randomly (stuck).
  3721 | D:5      | 3721 ||| Stepping randomly (stuck).
  3722 | D:5      | 3722 ||| Stepping randomly (stuck).
  3723 | D:5      | 3723 ||| Stepping randomly (stuck).
  3724 | D:5      | 3724 ||| Stepping randomly (stuck).
  3725 | D:5      | 3725 ||| Stepping randomly (stuck).
  3726 | D:5      | 3726 ||| Stepping randomly (stuck).
  3727 | D:5      | 3727 ||| Stepping randomly (stuck).
  3728 | D:5      | 3728 ||| Stepping randomly (stuck).
  3729 | D:5      | 3729 ||| Stepping randomly (stuck).
  3730 | D:5      | 3730 ||| Stepping randomly (stuck).
  3731 | D:5      | 3731 ||| Stepping randomly (stuck).
  3732 | D:5      | 3732 ||| Stepping randomly (stuck).
  3733 | D:5      | 3733 ||| Stepping randomly (stuck).
  3734 | D:5      | 3734 ||| Stepping randomly (stuck).
  3735 | D:5      | 3735 ||| Stepping randomly (stuck).
  3736 | D:5      | 3736 ||| Stepping randomly (stuck).
  3737 | D:5      | 3737 ||| Stepping randomly (stuck).
  3738 | D:5      | 3738 ||| Stepping randomly (stuck).
  3739 | D:5      | 3739 ||| Stepping randomly (stuck).
  3740 | D:5      | 3740 ||| Stepping randomly (stuck).
  3741 | D:5      | 3741 ||| Stepping randomly (stuck).
  3742 | D:5      | 3742 ||| Stepping randomly (stuck).
  3743 | D:5      | 3743 ||| Stepping randomly (stuck).
  3744 | D:5      | 3744 ||| Stepping randomly (stuck).
  3745 | D:5      | 3745 ||| Stepping randomly (stuck).
  3746 | D:5      | 3746 ||| Stepping randomly (stuck).
  3747 | D:5      | 3747 ||| Stepping randomly (stuck).
  3748 | D:5      | 3748 ||| Stepping randomly (stuck).
  3749 | D:5      | 3749 ||| Stepping randomly (stuck).
  3750 | D:5      | 3750 ||| Stepping randomly (stuck).
  3751 | D:5      | 3751 ||| Stepping randomly (stuck).
  3752 | D:5      | 3752 ||| Stepping randomly (stuck).
  3753 | D:5      | 3753 ||| Stepping randomly (stuck).
  3754 | D:5      | 3754 ||| Stepping randomly (stuck).
  3755 | D:5      | 3755 ||| Stepping randomly (stuck).
  3756 | D:5      | 3756 ||| Stepping randomly (stuck).
  3757 | D:5      | 3757 ||| Stepping randomly (stuck).
  3758 | D:5      | 3758 ||| Stepping randomly (stuck).
  3759 | D:5      | 3759 ||| Stepping randomly (stuck).
  3760 | D:5      | 3760 ||| Stepping randomly (stuck).
  3761 | D:5      | 3761 ||| Stepping randomly (stuck).
  3762 | D:5      | 3762 ||| Stepping randomly (stuck).
  3763 | D:5      | 3763 ||| Stepping randomly (stuck).
  3764 | D:5      | 3764 ||| Stepping randomly (stuck).
  3765 | D:5      | 3765 ||| Stepping randomly (stuck).
  3766 | D:5      | 3766 ||| Stepping randomly (stuck).
  3767 | D:5      | 3767 ||| Stepping randomly (stuck).
  3768 | D:5      | 3768 ||| Stepping randomly (stuck).
  3769 | D:5      | 3769 ||| Stepping randomly (stuck).
  3770 | D:5      | 3770 ||| Stepping randomly (stuck).
  3771 | D:5      | 3771 ||| Stepping randomly (stuck).
  3772 | D:5      | 3772 ||| Stepping randomly (stuck).
  3773 | D:5      | 3773 ||| Stepping randomly (stuck).
  3774 | D:5      | 3774 ||| Stepping randomly (stuck).
  3775 | D:5      | 3775 ||| Stepping randomly (stuck).
  3776 | D:5      | 3776 ||| Stepping randomly (stuck).
  3777 | D:5      | 3777 ||| Stepping randomly (stuck).
  3778 | D:5      | 3778 ||| Stepping randomly (stuck).
  3779 | D:5      | 3779 ||| Stepping randomly (stuck).
  3780 | D:5      | 3780 ||| Stepping randomly (stuck).
  3781 | D:5      | 3781 ||| Stepping randomly (stuck).
  3782 | D:5      | 3782 ||| Stepping randomly (stuck).
  3783 | D:5      | 3783 ||| Stepping randomly (stuck).
  3784 | D:5      | 3784 ||| Stepping randomly (stuck).
  3785 | D:5      | 3785 ||| Stepping randomly (stuck).
  3786 | D:5      | 3786 ||| Stepping randomly (stuck).
  3787 | D:5      | 3787 ||| Stepping randomly (stuck).
  3788 | D:5      | 3788 ||| Stepping randomly (stuck).
  3789 | D:5      | 3789 ||| Stepping randomly (stuck).
  3790 | D:5      | 3790 ||| Stepping randomly (stuck).
  3791 | D:5      | 3791 ||| Stepping randomly (stuck).
  3792 | D:5      | 3792 ||| Stepping randomly (stuck).
  3793 | D:5      | 3793 ||| Stepping randomly (stuck).
  3794 | D:5      | 3794 ||| Stepping randomly (stuck).
  3795 | D:5      | 3795 ||| Stepping randomly (stuck).
  3796 | D:5      | 3796 ||| Stepping randomly (stuck).
  3797 | D:5      | 3797 ||| Stepping randomly (stuck).
  3798 | D:5      | 3798 ||| Stepping randomly (stuck).
  3799 | D:5      | 3799 ||| Stepping randomly (stuck).
  3800 | D:5      | 3800 ||| Stepping randomly (stuck).
  3801 | D:5      | 3801 ||| Stepping randomly (stuck).
  3802 | D:5      | 3802 ||| Stepping randomly (stuck).
  3803 | D:5      | 3803 ||| Stepping randomly (stuck).
  3804 | D:5      | 3804 ||| Stepping randomly (stuck).
  3805 | D:5      | 3805 ||| Stepping randomly (stuck).
  3806 | D:5      | 3806 ||| Stepping randomly (stuck).
  3807 | D:5      | 3807 ||| Stepping randomly (stuck).
  3808 | D:5      | 3808 ||| Stepping randomly (stuck).
  3809 | D:5      | 3809 ||| Stepping randomly (stuck).
  3810 | D:5      | 3810 ||| Stepping randomly (stuck).
  3811 | D:5      | 3811 ||| Stepping randomly (stuck).
  3812 | D:5      | 3812 ||| Stepping randomly (stuck).
  3813 | D:5      | 3813 ||| Stepping randomly (stuck).
  3814 | D:5      | 3814 ||| Stepping randomly (stuck).
  3815 | D:5      | 3815 ||| Stepping randomly (stuck).
  3816 | D:5      | 3816 ||| Stepping randomly (stuck).
  3817 | D:5      | 3817 ||| Stepping randomly (stuck).
  3818 | D:5      | 3818 ||| Stepping randomly (stuck).
  3819 | D:5      | 3819 ||| Stepping randomly (stuck).
  3820 | D:5      | 3820 ||| Stepping randomly (stuck).
  3821 | D:5      | 3821 ||| Stepping randomly (stuck).
  3822 | D:5      | 3822 ||| Stepping randomly (stuck).
  3823 | D:5      | 3823 ||| Stepping randomly (stuck).
  3824 | D:5      | 3824 ||| Stepping randomly (stuck).
  3825 | D:5      | 3825 ||| Stepping randomly (stuck).
  3826 | D:5      | 3826 ||| Stepping randomly (stuck).
  3827 | D:5      | 3827 ||| Stepping randomly (stuck).
  3828 | D:5      | 3828 ||| Stepping randomly (stuck).
  3829 | D:5      | 3829 ||| Stepping randomly (stuck).
  3830 | D:5      | 3830 ||| Stepping randomly (stuck).
  3831 | D:5      | 3831 ||| Stepping randomly (stuck).
  3832 | D:5      | 3832 ||| Stepping randomly (stuck).
  3833 | D:5      | 3833 ||| Stepping randomly (stuck).
  3834 | D:5      | 3834 ||| Stepping randomly (stuck).
  3835 | D:5      | 3835 ||| Stepping randomly (stuck).
  3836 | D:5      | 3836 ||| Stepping randomly (stuck).
  3837 | D:5      | 3837 ||| Stepping randomly (stuck).
  3838 | D:5      | 3838 ||| Stepping randomly (stuck).
  3839 | D:5      | 3839 ||| Stepping randomly (stuck).
  3840 | D:5      | 3840 ||| Stepping randomly (stuck).
  3841 | D:5      | 3841 ||| Stepping randomly (stuck).
  3842 | D:5      | 3842 ||| Stepping randomly (stuck).
  3843 | D:5      | 3843 ||| Stepping randomly (stuck).
  3844 | D:5      | 3844 ||| Stepping randomly (stuck).
  3845 | D:5      | 3845 ||| Stepping randomly (stuck).
  3846 | D:5      | 3846 ||| Stepping randomly (stuck).
  3847 | D:5      | 3847 ||| Stepping randomly (stuck).
  3848 | D:5      | 3848 ||| Stepping randomly (stuck).
  3849 | D:5      | 3849 ||| Stepping randomly (stuck).
  3850 | D:5      | 3850 ||| Stepping randomly (stuck).
  3851 | D:5      | 3851 ||| Stepping randomly (stuck).
  3852 | D:5      | 3852 ||| Stepping randomly (stuck).
  3853 | D:5      | 3853 ||| Stepping randomly (stuck).
  3854 | D:5      | 3854 ||| Stepping randomly (stuck).
  3855 | D:5      | 3855 ||| Stepping randomly (stuck).
  3856 | D:5      | 3856 ||| Stepping randomly (stuck).
  3857 | D:5      | 3857 ||| Stepping randomly (stuck).
  3858 | D:5      | 3858 ||| Stepping randomly (stuck).
  3859 | D:5      | 3859 ||| Stepping randomly (stuck).
  3860 | D:5      | 3860 ||| Stepping randomly (stuck).
  3861 | D:5      | 3861 ||| Stepping randomly (stuck).
  3862 | D:5      | 3862 ||| Stepping randomly (stuck).
  3863 | D:5      | 3863 ||| Stepping randomly (stuck).
  3864 | D:5      | 3864 ||| Stepping randomly (stuck).
  3865 | D:5      | 3865 ||| Stepping randomly (stuck).
  3866 | D:5      | 3866 ||| Stepping randomly (stuck).
  3867 | D:5      | 3867 ||| Stepping randomly (stuck).
  3868 | D:5      | 3868 ||| Stepping randomly (stuck).
  3869 | D:5      | 3869 ||| Stepping randomly (stuck).
  3870 | D:5      | 3870 ||| Stepping randomly (stuck).
  3871 | D:5      | 3871 ||| Stepping randomly (stuck).
  3872 | D:5      | 3872 ||| Stepping randomly (stuck).
  3873 | D:5      | 3873 ||| Stepping randomly (stuck).
  3874 | D:5      | 3874 ||| Stepping randomly (stuck).
  3875 | D:5      | 3875 ||| Stepping randomly (stuck).
  3876 | D:5      | 3876 ||| Stepping randomly (stuck).
  3877 | D:5      | 3877 ||| Stepping randomly (stuck).
  3878 | D:5      | 3878 ||| Stepping randomly (stuck).
  3879 | D:5      | 3879 ||| Stepping randomly (stuck).
  3880 | D:5      | 3880 ||| Stepping randomly (stuck).
  3881 | D:5      | 3881 ||| Stepping randomly (stuck).
  3882 | D:5      | 3882 ||| Stepping randomly (stuck).
  3883 | D:5      | 3883 ||| Stepping randomly (stuck).
  3884 | D:5      | 3884 ||| Stepping randomly (stuck).
  3885 | D:5      | 3885 ||| Stepping randomly (stuck).
  3886 | D:5      | 3886 ||| Stepping randomly (stuck).
  3887 | D:5      | 3887 ||| Stepping randomly (stuck).
  3888 | D:5      | 3888 ||| Stepping randomly (stuck).
  3889 | D:5      | 3889 ||| Stepping randomly (stuck).
  3890 | D:5      | 3890 ||| Stepping randomly (stuck).
  3891 | D:5      | 3891 ||| Stepping randomly (stuck).
  3892 | D:5      | 3892 ||| Stepping randomly (stuck).
  3893 | D:5      | 3893 ||| Stepping randomly (stuck).
  3894 | D:5      | 3894 ||| Stepping randomly (stuck).
  3895 | D:5      | 3895 ||| Stepping randomly (stuck).
  3896 | D:5      | 3896 ||| Stepping randomly (stuck).
  3897 | D:5      | 3897 ||| Stepping randomly (stuck).
  3898 | D:5      | 3898 ||| Stepping randomly (stuck).
  3899 | D:5      | 3899 ||| Stepping randomly (stuck).
  3900 | D:5      | 3900 ||| Stepping randomly (stuck).
  3901 | D:5      | 3901 ||| Stepping randomly (stuck).
  3902 | D:5      | 3902 ||| Stepping randomly (stuck).
  3903 | D:5      | 3903 ||| Stepping randomly (stuck).
  3904 | D:5      | 3904 ||| Stepping randomly (stuck).
  3905 | D:5      | 3905 ||| Stepping randomly (stuck).
  3906 | D:5      | 3906 ||| Stepping randomly (stuck).
  3907 | D:5      | 3907 ||| Stepping randomly (stuck).
  3908 | D:5      | 3908 ||| Stepping randomly (stuck).
  3909 | D:5      | 3909 ||| Stepping randomly (stuck).
  3910 | D:5      | 3910 ||| Stepping randomly (stuck).
  3911 | D:5      | 3911 ||| Stepping randomly (stuck).
  3912 | D:5      | 3912 ||| Stepping randomly (stuck).
  3913 | D:5      | 3913 ||| Stepping randomly (stuck).
  3914 | D:5      | 3914 ||| Stepping randomly (stuck).
  3915 | D:5      | 3915 ||| Stepping randomly (stuck).
  3916 | D:5      | 3916 ||| Stepping randomly (stuck).
  3917 | D:5      | 3917 ||| Stepping randomly (stuck).
  3918 | D:5      | 3918 ||| Stepping randomly (stuck).
  3919 | D:5      | 3919 ||| Stepping randomly (stuck).
  3920 | D:5      | 3920 ||| Stepping randomly (stuck).
  3921 | D:5      | 3921 ||| Stepping randomly (stuck).
  3922 | D:5      | 3922 ||| Stepping randomly (stuck).
  3923 | D:5      | 3923 ||| Stepping randomly (stuck).
  3924 | D:5      | 3924 ||| Stepping randomly (stuck).
  3925 | D:5      | 3925 ||| Stepping randomly (stuck).
  3926 | D:5      | 3926 ||| Stepping randomly (stuck).
  3927 | D:5      | 3927 ||| Stepping randomly (stuck).
  3928 | D:5      | 3928 ||| Stepping randomly (stuck).
  3929 | D:5      | 3929 ||| Stepping randomly (stuck).
  3930 | D:5      | 3930 ||| Stepping randomly (stuck).
  3931 | D:5      | 3931 ||| Stepping randomly (stuck).
  3932 | D:5      | 3932 ||| Stepping randomly (stuck).
  3933 | D:5      | 3933 ||| Stepping randomly (stuck).
  3934 | D:5      | 3934 ||| Stepping randomly (stuck).
  3935 | D:5      | 3935 ||| Stepping randomly (stuck).
  3936 | D:5      | 3936 ||| Stepping randomly (stuck).
  3937 | D:5      | 3937 ||| Stepping randomly (stuck).
  3938 | D:5      | 3938 ||| Stepping randomly (stuck).
  3939 | D:5      | 3939 ||| Stepping randomly (stuck).
  3940 | D:5      | 3940 ||| Stepping randomly (stuck).
  3941 | D:5      | 3941 ||| Stepping randomly (stuck).
  3942 | D:5      | 3942 ||| Stepping randomly (stuck).
  3943 | D:5      | 3943 ||| Stepping randomly (stuck).
  3944 | D:5      | 3944 ||| Stepping randomly (stuck).
  3945 | D:5      | 3945 ||| Stepping randomly (stuck).
  3946 | D:5      | 3946 ||| Stepping randomly (stuck).
  3947 | D:5      | 3947 ||| Stepping randomly (stuck).
  3948 | D:5      | 3948 ||| Stepping randomly (stuck).
  3949 | D:5      | 3949 ||| Stepping randomly (stuck).
  3950 | D:5      | 3950 ||| Stepping randomly (stuck).
  3951 | D:5      | 3951 ||| Stepping randomly (stuck).
  3952 | D:5      | 3952 ||| Stepping randomly (stuck).
  3953 | D:5      | 3953 ||| Stepping randomly (stuck).
  3954 | D:5      | 3954 ||| Stepping randomly (stuck).
  3955 | D:5      | 3955 ||| Stepping randomly (stuck).
  3956 | D:5      | 3956 ||| Stepping randomly (stuck).
  3957 | D:5      | 3957 ||| Stepping randomly (stuck).
  3958 | D:5      | 3958 ||| Stepping randomly (stuck).
  3959 | D:5      | 3959 ||| Stepping randomly (stuck).
  3960 | D:5      | 3960 ||| Stepping randomly (stuck).
  3961 | D:5      | 3961 ||| Stepping randomly (stuck).
  3962 | D:5      | 3962 ||| Stepping randomly (stuck).
  3963 | D:5      | 3963 ||| Stepping randomly (stuck).
  3964 | D:5      | 3964 ||| Stepping randomly (stuck).
  3965 | D:5      | 3965 ||| Stepping randomly (stuck).
  3966 | D:5      | 3966 ||| Stepping randomly (stuck).
  3967 | D:5      | 3967 ||| Stepping randomly (stuck).
  3968 | D:5      | 3968 ||| Stepping randomly (stuck).
  3969 | D:5      | 3969 ||| Stepping randomly (stuck).
  3970 | D:5      | 3970 ||| Stepping randomly (stuck).
  3971 | D:5      | 3971 ||| Stepping randomly (stuck).
  3972 | D:5      | 3972 ||| Stepping randomly (stuck).
  3973 | D:5      | 3973 ||| Stepping randomly (stuck).
  3974 | D:5      | 3974 ||| Stepping randomly (stuck).
  3975 | D:5      | 3975 ||| Stepping randomly (stuck).
  3976 | D:5      | 3976 ||| Stepping randomly (stuck).
  3977 | D:5      | 3977 ||| Stepping randomly (stuck).
  3978 | D:5      | 3978 ||| Stepping randomly (stuck).
  3979 | D:5      | 3979 ||| Stepping randomly (stuck).
  3980 | D:5      | 3980 ||| Stepping randomly (stuck).
  3981 | D:5      | 3981 ||| Stepping randomly (stuck).
  3982 | D:5      | 3982 ||| Stepping randomly (stuck).
  3983 | D:5      | 3983 ||| Stepping randomly (stuck).
  3984 | D:5      | 3984 ||| Stepping randomly (stuck).
  3985 | D:5      | 3985 ||| Stepping randomly (stuck).
  3986 | D:5      | 3986 ||| Stepping randomly (stuck).
  3987 | D:5      | 3987 ||| Stepping randomly (stuck).
  3988 | D:5      | 3988 ||| Stepping randomly (stuck).
  3989 | D:5      | 3989 ||| Stepping randomly (stuck).
  3990 | D:5      | 3990 ||| Stepping randomly (stuck).
  3991 | D:5      | 3991 ||| Stepping randomly (stuck).
  3992 | D:5      | 3992 ||| Stepping randomly (stuck).
  3993 | D:5      | 3993 ||| Stepping randomly (stuck).
  3994 | D:5      | 3994 ||| Stepping randomly (stuck).
  3995 | D:5      | 3995 ||| Stepping randomly (stuck).
  3996 | D:5      | 3996 ||| Stepping randomly (stuck).
  3997 | D:5      | 3997 ||| Stepping randomly (stuck).
  3998 | D:5      | 3998 ||| Stepping randomly (stuck).
  3999 | D:5      | 3999 ||| Stepping randomly (stuck).
  4000 | D:5      | 4000 ||| Stepping randomly (stuck).
  4001 | D:5      | 4001 ||| Stepping randomly (stuck).
  4002 | D:5      | 4002 ||| Stepping randomly (stuck).
  4003 | D:5      | 4003 ||| Stepping randomly (stuck).
  4004 | D:5      | 4004 ||| Stepping randomly (stuck).
  4005 | D:5      | 4005 ||| Stepping randomly (stuck).
  4006 | D:5      | 4006 ||| Stepping randomly (stuck).
  4007 | D:5      | 4007 ||| Stepping randomly (stuck).
  4008 | D:5      | 4008 ||| Stepping randomly (stuck).
  4009 | D:5      | 4009 ||| Stepping randomly (stuck).
  4010 | D:5      | 4010 ||| Stepping randomly (stuck).
  4011 | D:5      | 4011 ||| Stepping randomly (stuck).
  4012 | D:5      | 4012 ||| Stepping randomly (stuck).
  4013 | D:5      | 4013 ||| Stepping randomly (stuck).
  4014 | D:5      | 4014 ||| Stepping randomly (stuck).
  4015 | D:5      | 4015 ||| Stepping randomly (stuck).
  4016 | D:5      | 4016 ||| Stepping randomly (stuck).
  4017 | D:5      | 4017 ||| Stepping randomly (stuck).
  4018 | D:5      | 4018 ||| Stepping randomly (stuck).
  4019 | D:5      | 4019 ||| Stepping randomly (stuck).
  4020 | D:5      | 4020 ||| Stepping randomly (stuck).
  4021 | D:5      | 4021 ||| Stepping randomly (stuck).
  4022 | D:5      | 4022 ||| Stepping randomly (stuck).
  4023 | D:5      | 4023 ||| Stepping randomly (stuck).
  4024 | D:5      | 4024 ||| Stepping randomly (stuck).
  4025 | D:5      | 4025 ||| Stepping randomly (stuck).
  4026 | D:5      | 4026 ||| Stepping randomly (stuck).
  4027 | D:5      | 4027 ||| Stepping randomly (stuck).
  4028 | D:5      | 4028 ||| Stepping randomly (stuck).
  4029 | D:5      | 4029 ||| Stepping randomly (stuck).
  4030 | D:5      | 4030 ||| Stepping randomly (stuck).
  4031 | D:5      | 4031 ||| Stepping randomly (stuck).
  4032 | D:5      | 4032 ||| Stepping randomly (stuck).
  4033 | D:5      | 4033 ||| Stepping randomly (stuck).
  4034 | D:5      | 4034 ||| Stepping randomly (stuck).
  4035 | D:5      | 4035 ||| Stepping randomly (stuck).
  4036 | D:5      | 4036 ||| Stepping randomly (stuck).
  4037 | D:5      | 4037 ||| Stepping randomly (stuck).
  4038 | D:5      | 4038 ||| Stepping randomly (stuck).
  4039 | D:5      | 4039 ||| Stepping randomly (stuck).
  4040 | D:5      | 4040 ||| Stepping randomly (stuck).
  4041 | D:5      | 4041 ||| Stepping randomly (stuck).
  4042 | D:5      | 4042 ||| Stepping randomly (stuck).
  4043 | D:5      | 4043 ||| Stepping randomly (stuck).
  4044 | D:5      | 4044 ||| Stepping randomly (stuck).
  4045 | D:5      | 4045 ||| Stepping randomly (stuck).
  4046 | D:5      | 4046 ||| Stepping randomly (stuck).
  4047 | D:5      | 4047 ||| Stepping randomly (stuck).
  4048 | D:5      | 4048 ||| Stepping randomly (stuck).
  4049 | D:5      | 4049 ||| Stepping randomly (stuck).
  4050 | D:5      | 4050 ||| Stepping randomly (stuck).
  4051 | D:5      | 4051 ||| Stepping randomly (stuck).
  4052 | D:5      | 4052 ||| Stepping randomly (stuck).
  4053 | D:5      | 4053 ||| Stepping randomly (stuck).
  4054 | D:5      | 4054 ||| Stepping randomly (stuck).
  4055 | D:5      | 4055 ||| Stepping randomly (stuck).
  4056 | D:5      | 4056 ||| Stepping randomly (stuck).
  4057 | D:5      | 4057 ||| Stepping randomly (stuck).
  4058 | D:5      | 4058 ||| Stepping randomly (stuck).
  4059 | D:5      | 4059 ||| Stepping randomly (stuck).
  4060 | D:5      | 4060 ||| Stepping randomly (stuck).
  4061 | D:5      | 4061 ||| Stepping randomly (stuck).
  4062 | D:5      | 4062 ||| Stepping randomly (stuck).
  4063 | D:5      | 4063 ||| Stepping randomly (stuck).
  4064 | D:5      | 4064 ||| Stepping randomly (stuck).
  4065 | D:5      | 4065 ||| Stepping randomly (stuck).
  4066 | D:5      | 4066 ||| Stepping randomly (stuck).
  4067 | D:5      | 4067 ||| Stepping randomly (stuck).
  4068 | D:5      | 4068 ||| Stepping randomly (stuck).
  4069 | D:5      | 4069 ||| Stepping randomly (stuck).
  4070 | D:5      | 4070 ||| Stepping randomly (stuck).
  4071 | D:5      | 4071 ||| Stepping randomly (stuck).
  4072 | D:5      | 4072 ||| Stepping randomly (stuck).
  4073 | D:5      | 4073 ||| Stepping randomly (stuck).
  4074 | D:5      | 4074 ||| Stepping randomly (stuck).
  4075 | D:5      | 4075 ||| Stepping randomly (stuck).
  4076 | D:5      | 4076 ||| Stepping randomly (stuck).
  4077 | D:5      | 4077 ||| Stepping randomly (stuck).
  4078 | D:5      | 4078 ||| Stepping randomly (stuck).
  4079 | D:5      | 4079 ||| Stepping randomly (stuck).
  4080 | D:5      | 4080 ||| Stepping randomly (stuck).
  4081 | D:5      | 4081 ||| Stepping randomly (stuck).
  4082 | D:5      | 4082 ||| Stepping randomly (stuck).
  4083 | D:5      | 4083 ||| Stepping randomly (stuck).
  4084 | D:5      | 4084 ||| Stepping randomly (stuck).
  4085 | D:5      | 4085 ||| Stepping randomly (stuck).
  4086 | D:5      | 4086 ||| Stepping randomly (stuck).
  4087 | D:5      | 4087 ||| Stepping randomly (stuck).
  4088 | D:5      | 4088 ||| Stepping randomly (stuck).
  4089 | D:5      | 4089 ||| Stepping randomly (stuck).
  4090 | D:5      | 4090 ||| Stepping randomly (stuck).
  4091 | D:5      | 4091 ||| Stepping randomly (stuck).
  4092 | D:5      | 4092 ||| Stepping randomly (stuck).
  4093 | D:5      | 4093 ||| Stepping randomly (stuck).
  4094 | D:5      | 4094 ||| Stepping randomly (stuck).
  4095 | D:5      | 4095 ||| Stepping randomly (stuck).
  4096 | D:5      | 4096 ||| Stepping randomly (stuck).
  4097 | D:5      | 4097 ||| Stepping randomly (stuck).
  4098 | D:5      | 4098 ||| Stepping randomly (stuck).
  4099 | D:5      | 4099 ||| Stepping randomly (stuck).
  4100 | D:5      | 4100 ||| Stepping randomly (stuck).
  4101 | D:5      | 4101 ||| Stepping randomly (stuck).
  4102 | D:5      | 4102 ||| Stepping randomly (stuck).
  4103 | D:5      | 4103 ||| Stepping randomly (stuck).
  4104 | D:5      | 4104 ||| Stepping randomly (stuck).
  4105 | D:5      | 4105 ||| Stepping randomly (stuck).
  4106 | D:5      | 4106 ||| Stepping randomly (stuck).
  4107 | D:5      | 4107 ||| Stepping randomly (stuck).
  4108 | D:5      | 4108 ||| Stepping randomly (stuck).
  4109 | D:5      | 4109 ||| Stepping randomly (stuck).
  4110 | D:5      | 4110 ||| Stepping randomly (stuck).
  4111 | D:5      | 4111 ||| Stepping randomly (stuck).
  4112 | D:5      | 4112 ||| Stepping randomly (stuck).
  4113 | D:5      | 4113 ||| Stepping randomly (stuck).
  4114 | D:5      | 4114 ||| Stepping randomly (stuck).
  4115 | D:5      | 4115 ||| Stepping randomly (stuck).
  4116 | D:5      | 4116 ||| Stepping randomly (stuck).
  4117 | D:5      | 4117 ||| Stepping randomly (stuck).
  4118 | D:5      | 4118 ||| Stepping randomly (stuck).
  4119 | D:5      | 4119 ||| Stepping randomly (stuck).
  4120 | D:5      | 4120 ||| Stepping randomly (stuck).
  4121 | D:5      | 4121 ||| Stepping randomly (stuck).
  4122 | D:5      | 4122 ||| Stepping randomly (stuck).
  4123 | D:5      | 4123 ||| Stepping randomly (stuck).
  4124 | D:5      | 4124 ||| Stepping randomly (stuck).
  4125 | D:5      | 4125 ||| Stepping randomly (stuck).
  4126 | D:5      | 4126 ||| Stepping randomly (stuck).
  4127 | D:5      | 4127 ||| Stepping randomly (stuck).
  4128 | D:5      | 4128 ||| Stepping randomly (stuck).
  4129 | D:5      | 4129 ||| Stepping randomly (stuck).
  4130 | D:5      | 4130 ||| Stepping randomly (stuck).
  4131 | D:5      | 4131 ||| Stepping randomly (stuck).
  4132 | D:5      | 4132 ||| Stepping randomly (stuck).
  4133 | D:5      | 4133 ||| Stepping randomly (stuck).
  4134 | D:5      | 4134 ||| Stepping randomly (stuck).
  4135 | D:5      | 4135 ||| Stepping randomly (stuck).
  4136 | D:5      | 4136 ||| Stepping randomly (stuck).
  4137 | D:5      | 4137 ||| Stepping randomly (stuck).
  4138 | D:5      | 4138 ||| Stepping randomly (stuck).
  4139 | D:5      | 4139 ||| Stepping randomly (stuck).
  4140 | D:5      | 4140 ||| Stepping randomly (stuck).
  4141 | D:5      | 4141 ||| Stepping randomly (stuck).
  4142 | D:5      | 4142 ||| Stepping randomly (stuck).
  4143 | D:5      | 4143 ||| Stepping randomly (stuck).
  4144 | D:5      | 4144 ||| Stepping randomly (stuck).
  4145 | D:5      | 4145 ||| Stepping randomly (stuck).
  4146 | D:5      | 4146 ||| Stepping randomly (stuck).
  4147 | D:5      | 4147 ||| Stepping randomly (stuck).
  4148 | D:5      | 4148 ||| Stepping randomly (stuck).
  4149 | D:5      | 4149 ||| Stepping randomly (stuck).
  4150 | D:5      | 4150 ||| Stepping randomly (stuck).
  4151 | D:5      | 4151 ||| Stepping randomly (stuck).
  4152 | D:5      | 4152 ||| Stepping randomly (stuck).
  4153 | D:5      | 4153 ||| Stepping randomly (stuck).
  4154 | D:5      | 4154 ||| Stepping randomly (stuck).
  4155 | D:5      | 4155 ||| Stepping randomly (stuck).
  4156 | D:5      | 4156 ||| Stepping randomly (stuck).
  4157 | D:5      | 4157 ||| Stepping randomly (stuck).
  4158 | D:5      | 4158 ||| Stepping randomly (stuck).
  4159 | D:5      | 4159 ||| Stepping randomly (stuck).
  4160 | D:5      | 4160 ||| Stepping randomly (stuck).
  4161 | D:5      | 4161 ||| Stepping randomly (stuck).
  4162 | D:5      | 4162 ||| Stepping randomly (stuck).
  4163 | D:5      | 4163 ||| Stepping randomly (stuck).
  4164 | D:5      | 4164 ||| Stepping randomly (stuck).
  4165 | D:5      | 4165 ||| Stepping randomly (stuck).
  4166 | D:5      | 4166 ||| Stepping randomly (stuck).
  4167 | D:5      | 4167 ||| Stepping randomly (stuck).
  4168 | D:5      | 4168 ||| Stepping randomly (stuck).
  4169 | D:5      | 4169 ||| Stepping randomly (stuck).
  4170 | D:5      | 4170 ||| Stepping randomly (stuck).
  4171 | D:5      | 4171 ||| Stepping randomly (stuck).
  4172 | D:5      | 4172 ||| Stepping randomly (stuck).
  4173 | D:5      | 4173 ||| Stepping randomly (stuck).
  4174 | D:5      | 4174 ||| Stepping randomly (stuck).
  4175 | D:5      | 4175 ||| Stepping randomly (stuck).
  4176 | D:5      | 4176 ||| Stepping randomly (stuck).
  4177 | D:5      | 4177 ||| Stepping randomly (stuck).
  4178 | D:5      | 4178 ||| Stepping randomly (stuck).
  4179 | D:5      | 4179 ||| Stepping randomly (stuck).
  4180 | D:5      | 4180 ||| Stepping randomly (stuck).
  4181 | D:5      | 4181 ||| Stepping randomly (stuck).
  4182 | D:5      | 4182 ||| Stepping randomly (stuck).
  4183 | D:5      | 4183 ||| Stepping randomly (stuck).
  4184 | D:5      | 4184 ||| Stepping randomly (stuck).
  4185 | D:5      | 4185 ||| Stepping randomly (stuck).
  4186 | D:5      | 4186 ||| Stepping randomly (stuck).
  4187 | D:5      | 4187 ||| Stepping randomly (stuck).
  4188 | D:5      | 4188 ||| Stepping randomly (stuck).
  4189 | D:5      | 4189 ||| Stepping randomly (stuck).
  4190 | D:5      | 4190 ||| Stepping randomly (stuck).
  4191 | D:5      | 4191 ||| Stepping randomly (stuck).
  4192 | D:5      | 4192 ||| Stepping randomly (stuck).
  4193 | D:5      | 4193 ||| Stepping randomly (stuck).
  4194 | D:5      | 4194 ||| Stepping randomly (stuck).
  4195 | D:5      | 4195 ||| Stepping randomly (stuck).
  4196 | D:5      | 4196 ||| Stepping randomly (stuck).
  4197 | D:5      | 4197 ||| Stepping randomly (stuck).
  4198 | D:5      | 4198 ||| Stepping randomly (stuck).
  4199 | D:5      | 4199 ||| Stepping randomly (stuck).
  4200 | D:5      | 4200 ||| Stepping randomly (stuck).
  4201 | D:5      | 4201 ||| Stepping randomly (stuck).
  4202 | D:5      | 4202 ||| Stepping randomly (stuck).
  4203 | D:5      | 4203 ||| Stepping randomly (stuck).
  4204 | D:5      | 4204 ||| Stepping randomly (stuck).
  4205 | D:5      | 4205 ||| Stepping randomly (stuck).
  4206 | D:5      | 4206 ||| Stepping randomly (stuck).
  4207 | D:5      | 4207 ||| Stepping randomly (stuck).
  4208 | D:5      | 4208 ||| Stepping randomly (stuck).
  4209 | D:5      | 4209 ||| Stepping randomly (stuck).
  4210 | D:5      | 4210 ||| Stepping randomly (stuck).
  4211 | D:5      | 4211 ||| Stepping randomly (stuck).
  4212 | D:5      | 4212 ||| Stepping randomly (stuck).
  4213 | D:5      | 4213 ||| Stepping randomly (stuck).
  4214 | D:5      | 4214 ||| Stepping randomly (stuck).
  4215 | D:5      | 4215 ||| Stepping randomly (stuck).
  4216 | D:5      | 4216 ||| Stepping randomly (stuck).
  4217 | D:5      | 4217 ||| Stepping randomly (stuck).
  4218 | D:5      | 4218 ||| Stepping randomly (stuck).
  4219 | D:5      | 4219 ||| Stepping randomly (stuck).
  4220 | D:5      | 4220 ||| Stepping randomly (stuck).
  4221 | D:5      | 4221 ||| Stepping randomly (stuck).
  4222 | D:5      | 4222 ||| Stepping randomly (stuck).
  4223 | D:5      | 4223 ||| Stepping randomly (stuck).
  4224 | D:5      | 4224 ||| Stepping randomly (stuck).
  4225 | D:5      | 4225 ||| Stepping randomly (stuck).
  4226 | D:5      | 4226 ||| Stepping randomly (stuck).
  4227 | D:5      | 4227 ||| Stepping randomly (stuck).
  4228 | D:5      | 4228 ||| Stepping randomly (stuck).
  4229 | D:5      | 4229 ||| Stepping randomly (stuck).
  4230 | D:5      | 4230 ||| Stepping randomly (stuck).
  4231 | D:5      | 4231 ||| Stepping randomly (stuck).
  4232 | D:5      | 4232 ||| Stepping randomly (stuck).
  4233 | D:5      | 4233 ||| Stepping randomly (stuck).
  4234 | D:5      | 4234 ||| Stepping randomly (stuck).
  4235 | D:5      | 4235 ||| Stepping randomly (stuck).
  4236 | D:5      | 4236 ||| Stepping randomly (stuck).
  4237 | D:5      | 4237 ||| Stepping randomly (stuck).
  4238 | D:5      | 4238 ||| Stepping randomly (stuck).
  4239 | D:5      | 4239 ||| Stepping randomly (stuck).
  4240 | D:5      | 4240 ||| Stepping randomly (stuck).
  4241 | D:5      | 4241 ||| Stepping randomly (stuck).
  4242 | D:5      | 4242 ||| Stepping randomly (stuck).
  4243 | D:5      | 4243 ||| Stepping randomly (stuck).
  4244 | D:5      | 4244 ||| Stepping randomly (stuck).
  4245 | D:5      | 4245 ||| Stepping randomly (stuck).
  4246 | D:5      | 4246 ||| Stepping randomly (stuck).
  4247 | D:5      | 4247 ||| Stepping randomly (stuck).
  4248 | D:5      | 4248 ||| Stepping randomly (stuck).
  4249 | D:5      | 4249 ||| Stepping randomly (stuck).
  4250 | D:5      | 4250 ||| Stepping randomly (stuck).
  4251 | D:5      | 4251 ||| Stepping randomly (stuck).
  4252 | D:5      | 4252 ||| Stepping randomly (stuck).
  4253 | D:5      | 4253 ||| Stepping randomly (stuck).
  4254 | D:5      | 4254 ||| Stepping randomly (stuck).
  4255 | D:5      | 4255 ||| Stepping randomly (stuck).
  4256 | D:5      | 4256 ||| Stepping randomly (stuck).
  4257 | D:5      | 4257 ||| Stepping randomly (stuck).
  4258 | D:5      | 4258 ||| Stepping randomly (stuck).
  4259 | D:5      | 4259 ||| Stepping randomly (stuck).
  4260 | D:5      | 4260 ||| Stepping randomly (stuck).
  4261 | D:5      | 4261 ||| Stepping randomly (stuck).
  4262 | D:5      | 4262 ||| Stepping randomly (stuck).
  4263 | D:5      | 4263 ||| Stepping randomly (stuck).
  4264 | D:5      | 4264 ||| Stepping randomly (stuck).
  4265 | D:5      | 4265 ||| Stepping randomly (stuck).
  4266 | D:5      | 4266 ||| Stepping randomly (stuck).
  4267 | D:5      | 4267 ||| Stepping randomly (stuck).
  4268 | D:5      | 4268 ||| Stepping randomly (stuck).
  4269 | D:5      | 4269 ||| Stepping randomly (stuck).
  4270 | D:5      | 4270 ||| Stepping randomly (stuck).
  4271 | D:5      | 4271 ||| Stepping randomly (stuck).
  4272 | D:5      | 4272 ||| Stepping randomly (stuck).
  4273 | D:5      | 4273 ||| Stepping randomly (stuck).
  4274 | D:5      | 4274 ||| Stepping randomly (stuck).
  4275 | D:5      | 4275 ||| Stepping randomly (stuck).
  4276 | D:5      | 4276 ||| Stepping randomly (stuck).
  4277 | D:5      | 4277 ||| Stepping randomly (stuck).
  4278 | D:5      | 4278 ||| Stepping randomly (stuck).
  4279 | D:5      | 4279 ||| Stepping randomly (stuck).
  4280 | D:5      | 4280 ||| Stepping randomly (stuck).
  4281 | D:5      | 4281 ||| Stepping randomly (stuck).
  4282 | D:5      | 4282 ||| Stepping randomly (stuck).
  4283 | D:5      | 4283 ||| Stepping randomly (stuck).
  4284 | D:5      | 4284 ||| Stepping randomly (stuck).
  4285 | D:5      | 4285 ||| Stepping randomly (stuck).
  4286 | D:5      | 4286 ||| Stepping randomly (stuck).
  4287 | D:5      | 4287 ||| Stepping randomly (stuck).
  4288 | D:5      | 4288 ||| Stepping randomly (stuck).
  4289 | D:5      | 4289 ||| Stepping randomly (stuck).
  4290 | D:5      | 4290 ||| Stepping randomly (stuck).
  4291 | D:5      | 4291 ||| Stepping randomly (stuck).
  4292 | D:5      | 4292 ||| Stepping randomly (stuck).
  4293 | D:5      | 4293 ||| Stepping randomly (stuck).
  4294 | D:5      | 4294 ||| Stepping randomly (stuck).
  4295 | D:5      | 4295 ||| Stepping randomly (stuck).
  4296 | D:5      | 4296 ||| Stepping randomly (stuck).
  4297 | D:5      | 4297 ||| Stepping randomly (stuck).
  4298 | D:5      | 4298 ||| Stepping randomly (stuck).
  4299 | D:5      | 4299 ||| Stepping randomly (stuck).
  4300 | D:5      | 4300 ||| Stepping randomly (stuck).
  4301 | D:5      | 4301 ||| Stepping randomly (stuck).
  4302 | D:5      | 4302 ||| Stepping randomly (stuck).
  4303 | D:5      | 4303 ||| Stepping randomly (stuck).
  4304 | D:5      | 4304 ||| Stepping randomly (stuck).
  4305 | D:5      | 4305 ||| Stepping randomly (stuck).
  4306 | D:5      | 4306 ||| Stepping randomly (stuck).
  4307 | D:5      | 4307 ||| Stepping randomly (stuck).
  4308 | D:5      | 4308 ||| Stepping randomly (stuck).
  4309 | D:5      | 4309 ||| Stepping randomly (stuck).
  4310 | D:5      | 4310 ||| Stepping randomly (stuck).
  4311 | D:5      | 4311 ||| Stepping randomly (stuck).
  4312 | D:5      | 4312 ||| Stepping randomly (stuck).
  4313 | D:5      | 4313 ||| Stepping randomly (stuck).
  4314 | D:5      | 4314 ||| Stepping randomly (stuck).
  4315 | D:5      | 4315 ||| Stepping randomly (stuck).
  4316 | D:5      | 4316 ||| Stepping randomly (stuck).
  4317 | D:5      | 4317 ||| Stepping randomly (stuck).
  4318 | D:5      | 4318 ||| Stepping randomly (stuck).
  4319 | D:5      | 4319 ||| Stepping randomly (stuck).
  4320 | D:5      | 4320 ||| Stepping randomly (stuck).
  4321 | D:5      | 4321 ||| Stepping randomly (stuck).
  4322 | D:5      | 4322 ||| Stepping randomly (stuck).
  4323 | D:5      | 4323 ||| Stepping randomly (stuck).
  4324 | D:5      | 4324 ||| Stepping randomly (stuck).
  4325 | D:5      | 4325 ||| Stepping randomly (stuck).
  4326 | D:5      | 4326 ||| Stepping randomly (stuck).
  4327 | D:5      | 4327 ||| Stepping randomly (stuck).
  4328 | D:5      | 4328 ||| Stepping randomly (stuck).
  4329 | D:5      | 4329 ||| Stepping randomly (stuck).
  4330 | D:5      | 4330 ||| Stepping randomly (stuck).
  4331 | D:5      | 4331 ||| Stepping randomly (stuck).
  4332 | D:5      | 4332 ||| Stepping randomly (stuck).
  4333 | D:5      | 4333 ||| Stepping randomly (stuck).
  4334 | D:5      | 4334 ||| Stepping randomly (stuck).
  4335 | D:5      | 4335 ||| Stepping randomly (stuck).
  4336 | D:5      | 4336 ||| Stepping randomly (stuck).
  4337 | D:5      | 4337 ||| Stepping randomly (stuck).
  4338 | D:5      | 4338 ||| Stepping randomly (stuck).
  4339 | D:5      | 4339 ||| Stepping randomly (stuck).
  4340 | D:5      | 4340 ||| Stepping randomly (stuck).
  4341 | D:5      | 4341 ||| Stepping randomly (stuck).
  4342 | D:5      | 4342 ||| Stepping randomly (stuck).
  4343 | D:5      | 4343 ||| Stepping randomly (stuck).
  4344 | D:5      | 4344 ||| Stepping randomly (stuck).
  4345 | D:5      | 4345 ||| Stepping randomly (stuck).
  4346 | D:5      | 4346 ||| Stepping randomly (stuck).
  4347 | D:5      | 4347 ||| Stepping randomly (stuck).
  4348 | D:5      | 4348 ||| Stepping randomly (stuck).
  4349 | D:5      | 4349 ||| Stepping randomly (stuck).
  4350 | D:5      | 4350 ||| Stepping randomly (stuck).
  4351 | D:5      | 4351 ||| Stepping randomly (stuck).
  4352 | D:5      | 4352 ||| Stepping randomly (stuck).
  4353 | D:5      | 4353 ||| Stepping randomly (stuck).
  4354 | D:5      | 4354 ||| Stepping randomly (stuck).
  4355 | D:5      | 4355 ||| Stepping randomly (stuck).
  4356 | D:5      | 4356 ||| Stepping randomly (stuck).
  4357 | D:5      | 4357 ||| Stepping randomly (stuck).
  4358 | D:5      | 4358 ||| Stepping randomly (stuck).
  4359 | D:5      | 4359 ||| Stepping randomly (stuck).
  4360 | D:5      | 4360 ||| Stepping randomly (stuck).
  4361 | D:5      | 4361 ||| Stepping randomly (stuck).
  4362 | D:5      | 4362 ||| Stepping randomly (stuck).
  4363 | D:5      | 4363 ||| Stepping randomly (stuck).
  4364 | D:5      | 4364 ||| Stepping randomly (stuck).
  4365 | D:5      | 4365 ||| Stepping randomly (stuck).
  4366 | D:5      | 4366 ||| Stepping randomly (stuck).
  4367 | D:5      | 4367 ||| Stepping randomly (stuck).
  4368 | D:5      | 4368 ||| Stepping randomly (stuck).
  4369 | D:5      | 4369 ||| Stepping randomly (stuck).
  4370 | D:5      | 4370 ||| Stepping randomly (stuck).
  4371 | D:5      | 4371 ||| Stepping randomly (stuck).
  4372 | D:5      | 4372 ||| Stepping randomly (stuck).
  4373 | D:5      | 4373 ||| Stepping randomly (stuck).
  4374 | D:5      | 4374 ||| Stepping randomly (stuck).
  4375 | D:5      | 4375 ||| Stepping randomly (stuck).
  4376 | D:5      | 4376 ||| Stepping randomly (stuck).
  4377 | D:5      | 4377 ||| Stepping randomly (stuck).
  4378 | D:5      | 4378 ||| Stepping randomly (stuck).
  4379 | D:5      | 4379 ||| Stepping randomly (stuck).
  4380 | D:5      | 4380 ||| Stepping randomly (stuck).
  4381 | D:5      | 4381 ||| Stepping randomly (stuck).
  4382 | D:5      | 4382 ||| Stepping randomly (stuck).
  4383 | D:5      | 4383 ||| Stepping randomly (stuck).
  4384 | D:5      | 4384 ||| Stepping randomly (stuck).
  4385 | D:5      | 4385 ||| Stepping randomly (stuck).
  4386 | D:5      | 4386 ||| Stepping randomly (stuck).
  4387 | D:5      | 4387 ||| Stepping randomly (stuck).
  4388 | D:5      | 4388 ||| Stepping randomly (stuck).
  4389 | D:5      | 4389 ||| Stepping randomly (stuck).
  4390 | D:5      | 4390 ||| Stepping randomly (stuck).
  4391 | D:5      | 4391 ||| Stepping randomly (stuck).
  4392 | D:5      | 4392 ||| Stepping randomly (stuck).
  4393 | D:5      | 4393 ||| Stepping randomly (stuck).
  4394 | D:5      | 4394 ||| Stepping randomly (stuck).
  4395 | D:5      | 4395 ||| Stepping randomly (stuck).
  4396 | D:5      | 4396 ||| Stepping randomly (stuck).
  4397 | D:5      | 4397 ||| Stepping randomly (stuck).
  4398 | D:5      | 4398 ||| Stepping randomly (stuck).
  4399 | D:5      | 4399 ||| Stepping randomly (stuck).
  4400 | D:5      | 4400 ||| Stepping randomly (stuck).
  4401 | D:5      | 4401 ||| Stepping randomly (stuck).
  4402 | D:5      | 4402 ||| Stepping randomly (stuck).
  4403 | D:5      | 4403 ||| Stepping randomly (stuck).
  4404 | D:5      | 4404 ||| Stepping randomly (stuck).
  4405 | D:5      | 4405 ||| Stepping randomly (stuck).
  4406 | D:5      | 4406 ||| Stepping randomly (stuck).
  4407 | D:5      | 4407 ||| Stepping randomly (stuck).
  4408 | D:5      | 4408 ||| Stepping randomly (stuck).
  4409 | D:5      | 4409 ||| Stepping randomly (stuck).
  4410 | D:5      | 4410 ||| Stepping randomly (stuck).
  4411 | D:5      | 4411 ||| Stepping randomly (stuck).
  4412 | D:5      | 4412 ||| Stepping randomly (stuck).
  4413 | D:5      | 4413 ||| Stepping randomly (stuck).
  4414 | D:5      | 4414 ||| Stepping randomly (stuck).
  4415 | D:5      | 4415 ||| Stepping randomly (stuck).
  4416 | D:5      | 4416 ||| Stepping randomly (stuck).
  4417 | D:5      | 4417 ||| Stepping randomly (stuck).
  4418 | D:5      | 4418 ||| Stepping randomly (stuck).
  4419 | D:5      | 4419 ||| Stepping randomly (stuck).
  4420 | D:5      | 4420 ||| Stepping randomly (stuck).
  4421 | D:5      | 4421 ||| Stepping randomly (stuck).
  4422 | D:5      | 4422 ||| Stepping randomly (stuck).
  4423 | D:5      | 4423 ||| Stepping randomly (stuck).
  4424 | D:5      | 4424 ||| Stepping randomly (stuck).
  4425 | D:5      | 4425 ||| Stepping randomly (stuck).
  4426 | D:5      | 4426 ||| Stepping randomly (stuck).
  4427 | D:5      | 4427 ||| Stepping randomly (stuck).
  4428 | D:5      | 4428 ||| Stepping randomly (stuck).
  4429 | D:5      | 4429 ||| Stepping randomly (stuck).
  4430 | D:5      | 4430 ||| Stepping randomly (stuck).
  4431 | D:5      | 4431 ||| Stepping randomly (stuck).
  4432 | D:5      | 4432 ||| Stepping randomly (stuck).
  4433 | D:5      | 4433 ||| Stepping randomly (stuck).
  4434 | D:5      | 4434 ||| Stepping randomly (stuck).
  4435 | D:5      | 4435 ||| Stepping randomly (stuck).
  4436 | D:5      | 4436 ||| Stepping randomly (stuck).
  4437 | D:5      | 4437 ||| Stepping randomly (stuck).
  4438 | D:5      | 4438 ||| Stepping randomly (stuck).
  4439 | D:5      | 4439 ||| Stepping randomly (stuck).
  4440 | D:5      | 4440 ||| Stepping randomly (stuck).
  4441 | D:5      | 4441 ||| Stepping randomly (stuck).
  4442 | D:5      | 4442 ||| Stepping randomly (stuck).
  4443 | D:5      | 4443 ||| Stepping randomly (stuck).
  4444 | D:5      | 4444 ||| Stepping randomly (stuck).
  4445 | D:5      | 4445 ||| Stepping randomly (stuck).
  4446 | D:5      | 4446 ||| Stepping randomly (stuck).
  4447 | D:5      | 4447 ||| Stepping randomly (stuck).
  4448 | D:5      | 4448 ||| Stepping randomly (stuck).
  4449 | D:5      | 4449 ||| Stepping randomly (stuck).
  4450 | D:5      | 4450 ||| Stepping randomly (stuck).
  4451 | D:5      | 4451 ||| Stepping randomly (stuck).
  4452 | D:5      | 4452 ||| Stepping randomly (stuck).
  4453 | D:5      | 4453 ||| Stepping randomly (stuck).
  4454 | D:5      | 4454 ||| Stepping randomly (stuck).
  4455 | D:5      | 4455 ||| Stepping randomly (stuck).
  4456 | D:5      | 4456 ||| Stepping randomly (stuck).
  4457 | D:5      | 4457 ||| Stepping randomly (stuck).
  4458 | D:5      | 4458 ||| Stepping randomly (stuck).
  4459 | D:5      | 4459 ||| Stepping randomly (stuck).
  4460 | D:5      | 4460 ||| Stepping randomly (stuck).
  4461 | D:5      | 4461 ||| Stepping randomly (stuck).
  4462 | D:5      | 4462 ||| Stepping randomly (stuck).
  4463 | D:5      | 4463 ||| Stepping randomly (stuck).
  4464 | D:5      | 4464 ||| Stepping randomly (stuck).
  4465 | D:5      | 4465 ||| Stepping randomly (stuck).
  4466 | D:5      | 4466 ||| Stepping randomly (stuck).
  4467 | D:5      | 4467 ||| Stepping randomly (stuck).
  4468 | D:5      | 4468 ||| Stepping randomly (stuck).
  4469 | D:5      | 4469 ||| Stepping randomly (stuck).
  4470 | D:5      | 4470 ||| Stepping randomly (stuck).
  4471 | D:5      | 4471 ||| Stepping randomly (stuck).
  4472 | D:5      | 4472 ||| Stepping randomly (stuck).
  4473 | D:5      | 4473 ||| Stepping randomly (stuck).
  4474 | D:5      | 4474 ||| Stepping randomly (stuck).
  4475 | D:5      | 4475 ||| Stepping randomly (stuck).
  4476 | D:5      | 4476 ||| Stepping randomly (stuck).
  4477 | D:5      | 4477 ||| Stepping randomly (stuck).
  4478 | D:5      | 4478 ||| Stepping randomly (stuck).
  4479 | D:5      | 4479 ||| Stepping randomly (stuck).
  4480 | D:5      | 4480 ||| Stepping randomly (stuck).
  4481 | D:5      | 4481 ||| Stepping randomly (stuck).
  4482 | D:5      | 4482 ||| Stepping randomly (stuck).
  4483 | D:5      | 4483 ||| Stepping randomly (stuck).
  4484 | D:5      | 4484 ||| Stepping randomly (stuck).
  4485 | D:5      | 4485 ||| Stepping randomly (stuck).
  4486 | D:5      | 4486 ||| Stepping randomly (stuck).
  4487 | D:5      | 4487 ||| Stepping randomly (stuck).
  4488 | D:5      | 4488 ||| Stepping randomly (stuck).
  4489 | D:5      | 4489 ||| Stepping randomly (stuck).
  4490 | D:5      | 4490 ||| Stepping randomly (stuck).
  4491 | D:5      | 4491 ||| Stepping randomly (stuck).
  4492 | D:5      | 4492 ||| Stepping randomly (stuck).
  4493 | D:5      | 4493 ||| Stepping randomly (stuck).
  4494 | D:5      | 4494 ||| Stepping randomly (stuck).
  4495 | D:5      | 4495 ||| Stepping randomly (stuck).
  4496 | D:5      | 4496 ||| Stepping randomly (stuck).
  4497 | D:5      | 4497 ||| Stepping randomly (stuck).
  4498 | D:5      | 4498 ||| Stepping randomly (stuck).
  4499 | D:5      | 4499 ||| Stepping randomly (stuck).
  4500 | D:5      | 4500 ||| Stepping randomly (stuck).
  4501 | D:5      | 4501 ||| Stepping randomly (stuck).
  4502 | D:5      | 4502 ||| Stepping randomly (stuck).
  4503 | D:5      | 4503 ||| Stepping randomly (stuck).
  4504 | D:5      | 4504 ||| Stepping randomly (stuck).
  4505 | D:5      | 4505 ||| Stepping randomly (stuck).
  4506 | D:5      | 4506 ||| QUITTING!
  4506 | D:5      | 4506 ||| QUITTING!
  4506 | D:5      | 4506 ||| Stepping randomly (stuck).
  4507 | D:5      | Quit the game

Levels and vault maps discovered:
D:1:      minmay_arrival_nine_rooms, layout_rooms
D:2:      layout_loops_ring, lightli_corner_chamber
D:3:      minmay_bubble_buster, layout_basic, nicolae_overflow_ecumenical_swirl,
          ebering_ecumenical_altar_ruins, minmay_misc_feat_four_crosses,
          uniq_jessica
D:4:      layout_loops_ring, minmay_temple_entry_arrows,
          hellmonk_ghost_happy_afterlife, nicolae_take_the_stairs,
          minmay_ogre_servants, uniq_blork_the_orc, uniq_ijyb
D:5:      layout_loops_ring, serial_shops, nicolae_shop_drivethru,
          serial_bayou_pond_b, lemuel_flamethrower_2
Temple:   nicolae_temple_ecumenical_triangle

Skill      XL: |  1  2  3  4  5  6  7 |
---------------+----------------------+-----
Ranged Weapons | 3 4 5 6 7 |  7.1
Fighting       | 2 3 4 |  4.7
Armour         | 1 |  1.0
Dodging        | 2 |  2.2
Spellcasting   | |  1.0
Hexes          | |  2.6
Invocations    | |  0.3

Action                     |  1- 3 |  4- 6 |  7- 9 || total
---------------------------+-------+-------+-------++-------
   Fire: Sling             |    56 |       |       ||    56
         Triple crossbow   |     6 |    83 |    19 ||   108
 Invoke: Heroism           |       |       |     1 ||     1
    Use: Scroll            |     5 |    11 |     3 ||    19
         Potion            |     1 |       |       ||     1
 Armour: Robe              |     1 |     1 |       ||     2
         Ring mail         |       |    46 |     2 ||    48
  Dodge: Dodged            |     6 |    47 |     5 ||    58

Table legend:
 A = Non-vault XP
 B = Vault XP
 C = Vault XP percentage of total XP
 D = Non-vault monster count
 E = Vault monster count
 F = Vault count percentage of total count
                 A         B        C        D         E       F
            +---------+---------+-------+---------+---------+-------
      Total |     606 |     498 |  45.1 |      69 |      30 |  30.3
            +---------+---------+-------+---------+---------+-------
        D:1 |      42 |       0 |   0.0 |      25 |       0 |   0.0
        D:2 |      55 |       0 |   0.0 |      10 |       0 |   0.0
        D:3 |      50 |     125 |  71.4 |      15 |      17 |  53.1
        D:4 |     157 |     268 |  63.1 |      10 |      11 |  52.4
        D:5 |     302 |     105 |  25.8 |       9 |       2 |  18.2
            +---------+---------+-------+---------+---------+-------
